 Dungeon Crawl Stone Soup version 0.23.2-40-g277498a001 (webtiles) character file.

Game seed: 17185737848089014624

944 H0rd4k the Thaumaturge (level 7, -2/36 HPs)
             Began as a Deep Elf Wizard on Oct 1, 2019.
             Was a Follower of Sif Muna.
             Killed from afar by an orc wizard (11 damage)
             ... with a magic dart
             ... on level 5 of the Dungeon.
             The game lasted 00:10:20 (4824 turns).

H0rd4k the Thaumaturge (Deep Elf Wizard)            Turns: 4824, Time: 00:10:20

Health: -2/36      AC:  2    Str:  4    XL:     7   Next: 88%
Magic:  10/21      EV: 13    Int: 25    God:    Sif Muna [*.....]
Gold:   234        SH:  0    Dex: 13    Spells: 18/24 levels left

rFire    . . .     SeeInvis .   (no weapon)
rCold    . . .     Gourm    .   (no shield)
rNeg     + . .     Faith    .   a - +0 robe
rPois    .         Spirit   .   b - +0 hat
rElec    .         Reflect  .   (no cloak)
rCorr    .         Harm     .   (no gloves)
MR       .....                  (no boots)
Stlth    ++........             (no amulet)
HPRegen  0.12/turn              c - ring of positive energy
MPRegen  0.17/turn              l - ring of flight

@: slowed, very slow
A: no striking features
a: Divine Energy, Renounce Religion, Evoke Flight


You were on level 5 of the Dungeon.
You worshipped Sif Muna.
Sif Muna was aware of your devotion.
You were very hungry.

You visited 2 branches of the dungeon, and saw 6 of its levels.

You collected 234 gold pieces.

Inventory:

Hand Weapons
 r - a +3 long sword of flaming
Armour
 a - a +0 robe (worn)
 b - a +0 hat (worn)
Jewellery
 c - a ring of positive energy (left hand)
 l - a ring of flight (right hand)
 m - a +3 ring of evasion {unknown}
Wands
 o - a wand of flame (19)
 p - a wand of random effects (17)
Scrolls
 h - a scroll of enchant weapon {unknown}
 i - 5 scrolls of identify {unknown}
 j - 3 scrolls of remove curse {unknown}
 k - a scroll of enchant armour {unknown}
Potions
 e - a potion of agility
 f - a potion of cancellation {unknown}
 g - a potion of degeneration {unknown}
 n - a potion of might {unknown}
 q - a potion of haste {unknown}
Comestibles
 d - 5 rations


   Skills:
 + Level 0.2 Fighting
 + Level 2.8 Dodging
 + Level 3.4 Stealth
 + Level 0.1 Unarmed Combat
 + Level 9.4 Spellcasting
 + Level 6.1 Conjurations
   Level 1.1 Summonings
 + Level 1.7 Translocations
 + Level 0.4 Fire Magic
 + Level 0.5 Evocations


You had 18 spell levels left.
You knew the following spells:

 Your Spells              Type           Power        Failure   Level  Hunger
a - Magic Dart            Conj           ####         1%          1    None
b - Blink                 Tloc           N/A          3%          2    None
c - Conjure Flame         Conj/Fire      ####....     4%          3    None

Your spell library contained the following spells:

 Spells                   Type           Power        Failure   Level  Hunger
 Call Imp                 Summ           ###.....     4%          2    None
 Mephitic Cloud           Conj/Pois/Air  ###.....     7%          3    None
 Slow                     Hex            ##......     8%          2    None


Dungeon Overview and Level Annotations

Branches:
Dungeon (5/15)             Temple (1/1) D:4

Altars:
Ashenzari
Cheibriados
Gozag
Kikubaaqudgha
Sif Muna
Uskayaw
Xom
The Shining One

Annotations:
D:1 exclusion: downstairs
D:2 exclusion: downstairs
D:3 Purgy
D:4 exclusion: upstairs
D:5 exclusion: upstairs


Message History

The orc wizard hits you with a +0 dagger.
The orc priest casts a cantrip, but nothing happens.
Casting: Magic Dart (safe; 1% risk of failure)
Confirm with . or Enter, or press ? or * to list all spells.
You don't know that spell.
The orc wizard points at you and mumbles some strange words.
You feel yourself slow down.
The orc wizard gestures at you while chanting.
The magic dart hits you.
* * * LOW HITPOINT WARNING * * *
The orc wizard mumbles some strange words.
The orc wizard blinks!
Casting: Magic Dart (safe; 1% risk of failure)
Confirm with . or Enter, or press ? or * to list all spells.
Aiming: Conjure Flame (safe; 4% risk of failure)
Press: ? - help, Dir - move target cursor The fire ignites!
The orc wizard casts a spell at you. The magic dart hits you!
You die...

# .## ### ..# ... #.# ### ###
#.# #.# #.# ##.# #.####h# #.##
#.## #.##ho### #..#####).##
#hh.##ยง.#####.........##
#Z#####@..###......#...# #o##
##..........###... #.o
###........###... o/..
###..........#..).
....#######...............).
..J##...............#>..#..).#
..# ##.............##...###..#
.. #..........##..## ##.#
#####.....##...# #.#


You could see an orc wizard and 2 jackals.

Vanquished Creatures
  Pikel (D:4)
  A phantom (D:4)
  Blork the orc (D:4)
  A scorpion (D:4)
  A crimson imp (D:5)
  A hound (D:5)
  A bullfrog skeleton (D:3)
  An orc wizard (D:5)
  2 centaur skeletons
  A worker ant (D:4)
  4 adders
  An ooze (D:3)
  4 worms (D:2)
  2 dart slugs
  3 leopard geckos
  5 orcs
  A ball python (D:3)
  4 bats
  2 giant cockroaches
  7 hobgoblins
  5 kobolds
  5 frilled lizards
  12 goblins
  A leopard gecko skeleton (D:4)
  7 rats
74 creatures vanquished.

Vanquished Creatures (others)
  7 toadstools (D:1)
7 creatures vanquished.

Grand Total: 81 creatures vanquished

Notes
Turn   | Place    | Note
-------+----------+-------------------------------------------
     0 | D:1      | H0rd4k the Deep Elf Wizard began the quest for the Orb.
     0 | D:1      | Reached XP level 1. HP: 10/10 MP: 7/7
   253 | D:1      | Reached skill level 5 in Spellcasting
   527 | D:1      | Reached XP level 2. HP: 15/15 MP: 6/10
  1260 | D:2      | Reached XP level 3. HP: 16/19 MP: 5/11
  2303 | D:2      | Reached XP level 4. HP: 24/24 MP: 7/13
  2864 | D:3      | Learned a level 2 spell: Blink
  2868 | D:3      | Learned a level 3 spell: Conjure Flame
  2925 | D:3      | Noticed Purgy
  2927 | D:3      | Reached skill level 6 in Spellcasting
  3333 | D:4      | Reached XP level 5. HP: 28/28 MP: 0/15
  3482 | D:4      | Found a staircase to the Ecumenical Temple.
  3488 | Temple   | Entered the Ecumenical Temple
  3572 | Temple   | Became a worshipper of Sif Muna the Loreminder
  3607 | D:4      | Noticed a phantom
  3661 | D:4      | Killed a phantom
  3661 | D:4      | Reached skill level 7 in Spellcasting
  3661 | D:4      | Reached XP level 6. HP: 32/32 MP: 3/18
  3778 | D:4      | Noticed Blork the orc
  3790 | D:4      | Noticed a slave
  3790 | D:4      | Noticed a slave
  3794 | D:4      | Noticed Pikel
  3794 | D:4      | Noticed a slave
  3796 | D:4      | Noticed a slave
  3894 | D:5      | Entered Level 5 of the Dungeon
  4116 | D:4      | Killed Blork the orc
  4283 | D:4      | Killed Pikel
  4283 | D:4      | Reached * piety under Sif Muna
  4283 | D:4      | Reached skill level 9 in Spellcasting
  4283 | D:4      | Reached XP level 7. HP: 36/36 MP: 3/21
  4824 | D:5      | Killed from afar by an orc wizard

Skill      XL: |  1  2  3  4  5  6 |
---------------+-------------------+-----
Spellcasting   | 5 6 7 9 |  9.4
Conjurations   | 2 3 6 |  6.1
Stealth        | 3 |  3.4
Fighting       | |  0.2
Dodging        | |  2.8
Unarmed Combat | |  0.1
Summonings     | |  1.1
Translocations | |  1.7
Fire Magic     | |  0.4
Evocations     | |  0.5

Action                   |  1- 3 |  4- 6 |  7- 9 || total
-------------------------+-------+-------+-------++-------
Melee: Unarmed           |     2 |       |       ||     2
 Cast: Magic Dart        |   129 |   140 |    36 ||   305
       Conjure Flame     |       |     8 |     2 ||    10
       Blink             |       |     2 |     3 ||     5
Evoke: Wand              |       |     3 |       ||     3
  Eat: Chunk             |     3 |     4 |       ||     7
       Ration            |       |     1 |       ||     1
Armor: Robe              |     3 |     3 |     1 ||     7
Dodge: Dodged            |    16 |     8 |     8 ||    32
